 Dungeon Crawl Stone Soup version 0.25-a0-743-g84dc20635f (webtiles) character file.

Game seed: 7374298818386798112, levelgen mode: deterministic

49266 Hastur the Fighter (level 14, -10/125 HPs)
             Began as a Pale Draconian Ice Elementalist on Apr 13, 2020.
             Was a High Priest of Sif Muna.
             Mangled by a phantasmal warrior (37 damage)
             ... led by a death knight
             ... on level 11 of the Dungeon.
             The game lasted 01:19:48 (25493 turns).

Hastur the Fighter (DrIE)                          Turns: 25493, Time: 01:19:49

Health: -10/125    AC: 13    Str: 14    XL:     14   Next: 15%
Magic:  17/37      EV: 14    Int: 20    God:    Sif Muna [*****.]
Gold:   1108       SH:  7    Dex: 13    Spells: 12/33 levels left

rFire    . . .     SeeInvis .   a - +7 hunting sling
rCold    . . .     Gourm    .   y - +0 buckler
rNeg     . . .     Faith    .   (armour unavailable)
rPois    .         Spirit   .   (helmet restricted)
rElec    .         Reflect  +   t - scarf {repulsion}
rCorr    .         Harm     .   X - +1 pair of gloves of Apuibiaq {Str+4}
MR       +....                  Q - +2 pair of boots
Stlth    ++........             h - +2 amulet of reflection
HPRegen  0.30/turn              Y - ring of magical power
MPRegen  0.25/turn              m - ring of protection from magic

@: vulnerable, frozen ramparts, repel missiles
A: breathe steam, unfitting armour, cold-blooded, AC +8
a: Breathe Steam, Channel Magic, Forget Spell, Divine Exegesis, Renounce
Religion


You were on level 11 of the Dungeon.
You worshipped Sif Muna.
Sif Muna was extremely pleased with you.
You were very hungry.

You visited 3 branches of the dungeon, and saw 19 of its levels.

You collected 1108 gold pieces.

Inventory:

Hand Weapons
 a - a +7 hunting sling (weapon)
 I - a +1 spear of pain
 O - a +3 double sword
Missiles
 e - 465 stones (quivered)
 A - 51 sling bullets
 E - 5 curare-tipped darts
 F - 2 throwing nets
Armour
 t - a scarf of repulsion (worn)
 y - a +0 buckler (worn)
 Q - a +2 pair of boots (worn)
 X - the +1 pair of gloves of Apuibiaq (worn) {Str+4}
   (You found it on level 1 of the Lair of Beasts)

   It affects your strength (+4).
Magical Staves
 S - an uncursed staff of air
 T - an uncursed staff of earth
Jewellery
 h - a +2 amulet of reflection (around neck)
 m - a ring of protection from magic (right hand)
 o - a +1 ring of evasion
 q - an uncursed ring of poison resistance
 W - an uncursed ring of flight
 Y - a ring of magical power (left hand)
 Z - an uncursed ring of positive energy
Wands
 b - a wand of scattershot (5)
 K - a wand of acid (39)
 L - a wand of enslavement (34)
 N - a wand of flame (42)
Scrolls
 f - 5 scrolls of magic mapping
 g - 6 scrolls of teleportation
 n - a scroll of amnesia
 p - a scroll of enchant weapon
 r - a scroll of identify
 x - 8 scrolls of remove curse
 z - 3 scrolls of immolation
 D - a scroll of fog
 H - a scroll of enchant armour
 J - 3 scrolls of noise
 M - a scroll of brand weapon {unknown}
 U - a scroll of blinking {unknown}
 V - 3 scrolls of silence
Potions
 c - 2 potions of invisibility
 i - 4 potions of lignification
 j - 7 potions of curing
 k - 4 potions of magic
 l - 3 potions of stabbing
 s - a potion of mutation
 u - 4 potions of flight
 w - 4 potions of brilliance
 B - a potion of might {unknown}
 C - 3 potions of haste
 G - 2 potions of cancellation
Miscellaneous
 R - a phantom mirror
Comestibles
 d - 23 rations


   Skills:
 + Level 11.8 Fighting
 - Level 5.0 Dodging
 - Level 3.0 Stealth
 - Level 4.0 Shields
 - Level 10.0 Spellcasting
 - Level 10.0 Conjurations
 - Level 8.1 Summonings
 - Level 10.0 Ice Magic
 + Level 10.1 Air Magic
 - Level 5.0 Invocations


You had 12 spell levels left.
You knew the following spells:

 Your Spells              Type           Power        Failure   Level  Hunger
a - Freeze                Ice            ####         1%          1    None
b - Frozen Ramparts       Ice            ######       1%          3    None
c - Summon Ice Beast      Ice/Summ       #####...     1%          4    ##.....
d - Hailstorm             Conj/Ice       ######..     1%          4    ##.....
e - Freezing Cloud        Conj/Ice/Air   ######....   17%         6    ######.
f - Mephitic Cloud        Conj/Pois/Air  #####...     1%          3    None

Your spell library contained the following spells:

 Spells                   Type           Power        Failure   Level  Hunger
 Foxfire                  Conj/Fire      ####         1%          1    None
 Ensorcelled Hibernation  Hex/Ice        ####..       1%          2    None
 Poisonous Vapours        Pois/Air       ####..       1%          2    None
 Call Canine Familiar     Summ           #####...     1%          3    None
 Conjure Flame            Conj/Fire      ####....     2%          3    None
 Dazzling Flash           Conj/Hex       ####..       2%          3    None
 Ozocubu's Armour         Chrm/Ice       ####....     2%          3    None
 Corona                   Hex            ##.....      7%          1    None
 Infusion                 Chrm           ##..         7%          1    None
 Ice Form                 Ice/Tmut       ####....     9%          4    ##.....
 Sticky Flame             Conj/Fire      ####....     9%          4    ##.....
 Shroud of Golubria       Chrm/Tloc      ##....       11%         2    None
 Song of Slaying          Chrm           ##......     11%         2    None
 Confusing Touch          Hex            ##......     21%         3    None
 Gell's Gravitas          Tloc           ##........   21%         3    None
 Inner Flame              Hex/Fire       ##......     21%         3    None
 Spectral Weapon          Hex/Chrm       ##......     21%         3    None
 Tukima's Dance           Hex            ##......     21%         3    None
 Fireball                 Conj/Fire      ####......   24%         5    ####...
 Metabolic Englaciation   Hex/Ice        ####......   24%         5    ####...
 Summon Forest            Summ/Tloc      ####......   36%         5    ####...
 Petrify                  Tmut/Erth      ##......     56%         4    ##.....
 Yara's Violent Unravell  Hex/Tmut       ##........   88%         5    ####...
 Monstrous Menagerie      Summ           #####.....   91%         7    #######
 Summon Greater Demon     Summ           #####.....   91%         7    #######
 Ring of Flames           Chrm/Fire      ##........   100%        7    #######


Dungeon Overview and Level Annotations

Branches:
Dungeon (12/15)            Temple (1/1) D:5            Lair (6/6) D:9
 Shoals (0/4) Lair:4       Spider (0/4) Lair:3        Slime (0/5) Lair:5
    Orc: D:9-12

Altars:
Ashenzari
Cheibriados
Dithmenos
Elyvilon
Fedhas
Gozag
Hepliaklqana
Kikubaaqudgha
Makhleb
Nemelex Xobeh
Okawaru
Qazlal
Ru
Sif Muna
Trog
Uskayaw
Vehumet
Wu Jian
Xom
Yredelemnul
Zin
The Shining One

Shops:
D:11 *

Annotations:
Lair:6 3 runed translucent doors, harlaan's ghost, journeyman DESu; ting's ghost, journeyman TeGl


Innate Abilities, Weirdness & Mutations

You can breathe blasts of scalding, opaque steam.
Your pale cyan-grey scales are hard. (AC +8)
You cannot fit into any form of body armour.
You are cold-blooded and may be slowed by cold attacks.


Message History

The freezing wraith closely misses your ice beast.
The freezing wraith hits your ice beast!
The phantasmal warrior resists.
The wall freezes the phantasmal warrior.
The phantasmal warrior hits you!!
* * * LOW HITPOINT WARNING * * *
Casting: Freeze (safe; 1% risk of failure)
Confirm with . or Enter, or press ? or * to list all spells.
A cannonade of hail descends around you!
The hail pelts the freezing wraith.
The freezing wraith partially resists.
The freezing wraith is lightly damaged.
The freezing wraith completely resists.
The wall freezes the freezing wraith but do no damage.
The freezing wraith misses your ice beast.
The freezing wraith hits your ice beast.
Your ice beast dies!
The phantasmal warrior resists.
The wall freezes the phantasmal warrior.
The phantasmal warrior hits you!!!
You die...

...#........##...##.........'....
...#####'######..#######'####....
.........######..####............
###......#..........#............
###......'..........#......>#####
.........#..........#...##.......
.........#..........#...##.......
.........###'########............
...............W@.W.............)
............##########...........
..........................>......
.................................
................................#
)......#####'###'################
....#..#.....#...##...........##§
.......#.....'...##..........##≈§
.......#.....#...##..(.......#≈§≈


You could see a phantasmal warrior and a freezing wraith.

Vanquished Creatures
  2 hydras
  A death knight (D:11)
  2 two-headed ogres
  Sonja (Lair:4)
  An unseen horror (D:11)
  2 cyclopes
  7 elephants
  An oklob plant (Lair:4)
  6 black mambas
  22 spiny frogs
  2 centaur skeletons
  9 komodo dragons
  A polar bear (Lair:5)
  2 jumping spiders (Lair:3)
  2 trolls
  A hornet (D:11)
  3 tyrant leeches (Lair:6)
  15 blink frogs
  4 hippogriffs
  5 dream sheep (Lair:4)
  A redback (Lair:3)
  6 wyverns
  A vampire (D:11)
  7 yaks
  A fire elemental (D:11)
  3 vampire mosquitoes (Lair:6)
  A steam dragon (D:7)
  9 water moccasins
  An acid dragon (D:11)
  10 porcupines
  3 orc warriors
  3 ice beasts
  A black bear (D:9)
  6 sky beasts
  7 ogres
  A phantom (D:11)
  7 centaurs
  8 wolves
  9 crocodiles
  4 big kobolds
  17 bullfrogs
  A water moccasin skeleton (D:7)
  6 scorpions
  10 killer bees (D:11)
  4 wights (D:11)
  10 crimson imps
  3 lava snakes
  2 howler monkeys (D:9)
  7 orc priests
  3 hounds
  2 bullfrog skeletons
  6 jellies
  A gnoll shaman (D:7)
  An iguana (D:5)
  8 orc wizards
  11 worker ants
  2 hound zombies (D:9)
  A hound skeleton (D:7)
  A howler monkey zombie (D:7)
  7 adders
  8 gnolls
  2 shadow imps
  8 oozes
  An adder skeleton (D:7)
  3 worms
  2 dart slugs
  4 leopard geckos
  25 orcs
  A ball python (D:1)
  6 giant cockroaches
  6 goblins
  12 hobgoblins
  7 jackals
  24 kobolds
  4 quokkas
  8 bats
  9 frilled lizards
  A jackal zombie (D:5)
  7 rats
419 creatures vanquished.

Vanquished Creatures (collateral kills)
  A dire elephant (Lair:5)
  2 hydras (Lair:4)
  Urug (D:10)
  A manticore (D:10)
  A merfolk siren (Lair:4)
  A black mamba (Lair:1)
  16 elephants
  7 spiny frogs
  Maggie (D:10)
  3 komodo dragons (Lair:5)
  A yaktaur (D:10)
  A tyrant leech (Lair:5)
  A polar bear (Lair:3)
  6 blink frogs
  3 slime creatures (Lair:5)
  7 dream sheep
  A hippogriff (D:9)
  A spriggan (Lair:5)
  A wraith (D:11)
  3 basilisks
  2 yaks (Lair:6)
  A wyvern (Lair:5)
  3 vampire mosquitoes (Lair:6)
  A water moccasin (Lair:4)
  A porcupine (Lair:5)
  An orc warrior (D:10)
  An ice beast (D:8)
  A necrophage (D:10)
  A wolf (Lair:6)
  2 centaurs (D:11)
  8 bullfrogs
  3 wights (D:10)
  An electric eel (Lair:6)
  2 centaur zombies
  A jelly (Lair:5)
  A bullfrog zombie (D:10)
  A gnoll shaman (D:6)
  An iguana (D:7)
  2 worker ants (D:10)
  A killer bee zombie (D:10)
  3 gnolls
  An adder zombie (D:7)
  An orc (D:7)
  A fungus (Lair:3)
  A plant (Lair:6)
101 creatures vanquished.

Vanquished Creatures (others)
  A shadow (D:10)
  A bush (Lair:4)
  124 fungi
  67 plants
  7 toadstools (D:3)
200 creatures vanquished.

Grand Total: 720 creatures vanquished

Notes
Turn   | Place    | Note
-------+----------+-------------------------------------------
     0 | D:1      | Hastur the Draconian Ice Elementalist began the quest for
                  | the Orb.
     0 | D:1      | Reached XP level 1. HP: 14/14 MP: 3/3
   425 | D:1      | Reached skill level 1 in Fighting
   446 | D:1      | Reached XP level 2. HP: 22/23 MP: 0/5
   823 | D:1      | Reached skill level 2 in Fighting
   925 | D:2      | Reached XP level 3. HP: 26/29 MP: 1/7
  1008 | D:2      | Learned a level 3 spell: Frozen Ramparts
  1199 | D:2      | Reached XP level 4. HP: 37/37 MP: 8/8
  1238 | D:2      | Found a blossoming altar of Fedhas.
  1343 | D:2      | Reached skill level 3 in Fighting
  2245 | D:3      | Found a shattered altar of Ashenzari.
  2388 | D:3      | Reached XP level 5. HP: 45/45 MP: 3/10
  2586 | D:3      | Reached skill level 4 in Fighting
  2901 | D:4      | Found a shimmering altar of Xom.
  2902 | D:4      | Found a burning altar of Makhleb.
  2905 | D:4      | Reached XP level 6. HP: 47/53 MP: 8/12
  2946 | D:4      | Reached skill level 5 in Fighting
  3225 | D:4      | Found a burning altar of Makhleb.
  3234 | D:4      | Reached skill level 5 in Spellcasting
  3270 | D:4      | Your scales start taking on a pale cyan-grey colour.
  3270 | D:4      | Reached XP level 7. HP: 50/61 MP: 11/14
  3434 | D:4      | Learned a level 4 spell: Summon Ice Beast
  3463 | D:5      | Entered Level 5 of the Dungeon
  3526 | D:5      | Found a sacrificial altar of Ru.
  3603 | D:5      | Reached skill level 1 in Summonings
  3887 | D:5      | Found a shadowy altar of Dithmenos.
  3963 | D:5      | Reached skill level 5 in Ice Magic
  4153 | D:5      | Found a staircase to the Ecumenical Temple.
  4171 | Temple   | Entered the Ecumenical Temple
  4269 | Temple   | Became a worshipper of Sif Muna the Loreminder
  4352 | D:5      | Found a hide-covered altar of Uskayaw.
  4508 | D:6      | Reached XP level 8. HP: 26/68 MP: 8/15
  4791 | D:6      | Reached skill level 5 in Summonings
  5820 | D:7      | Reached * piety under Sif Muna
  5845 | D:7      | Learned a level 4 spell: Hailstorm
  5846 | D:7      | Found an opulent altar of Gozag.
  5894 | D:7      | Reached XP level 9. HP: 72/74 MP: 16/16
  5926 | D:7      | Reached skill level 1 in Conjurations
  6267 | D:7      | Reached skill level 5 in Dodging
  7036 | D:8      | Reached skill level 5 in Conjurations
  7483 | D:8      | Found an ancient bone altar of Kikubaaqudgha.
  7719 | D:9      | Found a staircase to the Lair.
  7733 | D:9      | Reached ** piety under Sif Muna
  8219 | D:9      | Reached XP level 10. HP: 81/81 MP: 13/17
  8744 | D:10     | Entered Level 10 of the Dungeon
  8744 | D:10     | Noticed Maggie
  8754 | D:10     | Killed Maggie
  9472 | D:10     | Noticed a manticore
  9473 | D:10     | Noticed a two-headed ogre
  9476 | D:10     | Noticed a cyclops
  9487 | D:10     | Killed a two-headed ogre
  9487 | D:10     | Reached skill level 6 in Fighting
  9495 | D:10     | Reached skill level 7 in Fighting
  9604 | D:10     | Killed a manticore
  9708 | D:10     | Noticed Urug
  9731 | D:10     | Killed Urug
  9731 | D:10     | Reached skill level 8 in Fighting
  9772 | D:10     | Killed a cyclops
  9772 | D:10     | Reached skill level 9 in Fighting
  9830 | D:10     | Reached *** piety under Sif Muna
 10638 | D:10     | Reached XP level 11. HP: 78/97 MP: 11/18
 10895 | D:11     | Found Qygrime's Assorted Antiques.
 11026 | D:11     | Reached skill level 10 in Fighting
 11575 | D:11     | Noticed an eight-headed hydra
 11613 | D:11     | Killed an eight-headed hydra
 11881 | D:11     | Noticed a two-headed ogre
 11890 | D:11     | Killed a two-headed ogre
 12294 | D:11     | Killed an unseen horror
 12368 | D:11     | Reached **** piety under Sif Muna
 12994 | D:12     | Noticed a phantasmal warrior
 13098 | Lair:1   | Entered Level 1 of the Lair of Beasts
 13630 | Lair:1   | Reached skill level 10 in Spellcasting
 13748 | Lair:1   | Reached skill level 1 in Invocations
 13765 | Lair:1   | Reached XP level 12. HP: 88/106 MP: 19/26
 14065 | Lair:1   | Got a pair of transparent gloves
 14066 | Lair:1   | Identified the +1 pair of gloves of Apuibiaq {Str+4} (You
                  | found it on level 1 of the Lair of Beasts)
 15707 | Lair:3   | You fall into a shaft and drop 2 floors!
 15756 | Lair:4   | Reached skill level 5 in Invocations
 15818 | Lair:4   | Noticed a six-headed hydra
 15827 | Lair:4   | Killed a six-headed hydra
 16046 | Lair:4   | Noticed a four-headed hydra
 16054 | Lair:4   | Killed a four-headed hydra
 16054 | Lair:4   | Reached skill level 10 in Ice Magic
 16571 | Lair:4   | Found a staircase to the Shoals.
 16695 | Lair:4   | Noticed Sonja
 16695 | Lair:4   | Noticed a five-headed hydra
 16928 | Lair:4   | Killed a five-headed hydra
 16932 | Lair:4   | Killed Sonja
 16969 | Lair:4   | Learned a level 6 spell: Freezing Cloud
 17390 | Lair:3   | Reached skill level 1 in Air Magic
 17581 | Lair:3   | Found a hole to the Spider Nest.
 17608 | Lair:3   | Reached XP level 13. HP: 67/113 MP: 19/27
 18367 | Lair:5   | Reached skill level 10 in Conjurations
 18575 | Lair:5   | Reached skill level 5 in Air Magic
 18984 | Lair:5   | Noticed a dire elephant
 19008 | Lair:5   | Reached ***** piety under Sif Muna
 19559 | Lair:5   | HP: 2/113 [slime creature (20)]
 19936 | Lair:5   | Learned a level 3 spell: Mephitic Cloud
 20461 | Lair:5   | Found a staircase to the Slime Pits.
 20495 | Lair:5   | Received a gift from Sif Muna
 21021 | Lair:5   | Reached skill level 1 in Shields
 21177 | Lair:5   | Killed a dire elephant
 21576 | Lair:6   | Entered Level 6 of the Lair of Beasts
 21647 | Lair:6   | Found a runed translucent gate.
 21647 | Lair:6   | Found a runed translucent gate.
 21647 | Lair:6   | Found a runed translucent gate.
 21647 | Lair:6   | Noticed harlaan's ghost (journeyman DESu)
 21648 | Lair:6   | Noticed ting's ghost (journeyman TeGl)
 22971 | Lair:6   | Reached skill level 10 in Air Magic
 23607 | Lair:6   | Reached XP level 14. HP: 36/122 MP: 25/28
 23689 | Lair:6   | Reached skill level 11 in Fighting
 23965 | Lair:6   | Identified Sif Muna's Volume of Shifting Calling (Sif Muna
                  | gifted it to you on level 6 of the Lair of Beasts)
 23965 | Lair:6   | Received a gift from Sif Muna
 25493 | D:11     | Mangled by a phantasmal warrior

Levels and vault maps discovered:
D:1:      dpeg_arrival_water_fire, layout_basic, serial_glass, glass_columns_b,
          glass_columns_b, glass_columns_b, glass_columns_a, glass_columns_a,
          minivault_26
D:2:      layout_rooms, lemuel_crystal_altar, minmay_between
D:3:      cheibrodos_fertilizer, layout_basic, nicolae_overflow_crystal_walls
D:4:      layout_cave_pools, grunt_temple_overflow_champion_of_chaos,
          serial_rivers, chequers_serial_rivers_large_a,
          chequers_serial_rivers_small_a, chequers_serial_rivers_marsh,
          chequers_serial_rivers_micro_b, skrybe_limestone_x,
          makhleb_heckhound_becter
D:5:      layout_loops_cross, nicolae_dithmenos_shadow_blocks,
          nicolae_ru_great_annihilating_truth, lemuel_doored_altar,
          minmay_temple_entry_offerings, first_ration
D:6:      layout_loops_ring
D:7:      minmay_octagon_keep, layout_layer_cave, old_standard_altar
D:8:      layout_cave_pools, kiku_gazebo_pond_becter
D:9:      layout_basic, david_lair_generic
D:10:     minmay_the_grid_triangle_9x9_rhombus_thin
          [minmay_the_grid_triangle_9x9_steps,
          minmay_the_grid_triangle_9x9_prize_center,
          minmay_the_grid_triangle_9x9_semitri,
          minmay_the_grid_triangle_9x9_descending_squares], layout_basic,
          blue_anna_alchemist [blue_anna_fruit_fields, blue_anna_fruit_fields],
          minmay_misc_feat_enclosed, uniq_maggie, uniq_urug
D:11:     layout_stronghold, serial_shops, nicolae_shop_overgrown_old_shop,
          gauntlet_entry_generic, kennysheep_cluttered_room
D:12:     erik_rubicon_a, layout_loops_ring, david_orc_1_choice
Temple:   dshaligram_water_room_temple
Lair:1:   layout_small_grid, st_stairs_10, patterned_corridor
Lair:2:   layout_roguey, beast_lair_carwin_5
Lair:3:   layout_loops_ring, spider_nest_entry_a
Lair:4:   layout_loops_ring, minmay_shoals_entry_lonely_mermaid, minivault_19,
          beast_lair_carwin_3, uniq_sonja
Lair:5:   mu_elephants_graveyard, layout_cave_pods, minmay_slime_entry_pillars,
          beast_lair_carwin_11
Lair:6:   minmay_lair_end_frog_pond, layout_regular_city,
          gammafunk_ghost_cemetery

Skill      XL: |  1  2  3  4  5  6  7  8  9 10 11 12 13 14 |
---------------+-------------------------------------------+-----
Fighting       | 1 2 3 4 5 9 10 11 | 11.8
Spellcasting   | 3 4 5 10 | 10.0
Stealth        | 2 3 |  3.0
Summonings     | 3 6 8 |  8.1
Ice Magic      | 5 6 8 10 | 10.0
Dodging        | 4 5 |  5.0
Conjurations   | 8 9 10 | 10.0
Invocations    | 1 5 |  5.0
Air Magic      | 2 10 | 10.1
Shields        | 4 |  4.0

Action                   |  1- 3 |  4- 6 |  7- 9 | 10-12 | 13-15 || total
-------------------------+-------+-------+-------+-------+-------++-------
Melee: Short sword       |     7 |       |    25 |     1 |       ||    33
       Tailslap          |       |       |     2 |     1 |       ||     3
 Fire: Hunting sling     |    33 |   117 |   261 |   524 |   203 ||  1138
 Cast: Freeze            |    54 |    46 |    50 |   192 |   245 ||   587
       Frozen Ramparts   |     1 |     7 |    27 |    54 |    37 ||   126
       Summon Ice Beast  |       |       |    15 |    48 |   113 ||   176
       Hailstorm         |       |       |       |     4 |     1 ||     5
       Mephitic Cloud    |       |       |       |       |     9 ||     9
       Freezing Cloud    |       |       |       |       |     1 ||     1
Invok: Channel Magic     |       |       |       |       |     1 ||     1
 Abil: Breathe Steam     |       |       |     7 |     8 |       ||    15
Evoke: Wand              |       |       |       |     1 |       ||     1
  Use: Scroll            |       |     9 |     3 |    18 |     2 ||    32
       Potion            |       |       |       |       |     5 ||     5
  Eat: Chunk             |     1 |     4 |    14 |    20 |    22 ||    61
       Ration            |       |     1 |     2 |     5 |     2 ||    10
Armor: Skin              |    15 |    16 |    57 |   108 |   117 ||   313
Dodge: Dodged            |    43 |    29 |   135 |   280 |   239 ||   726
       Deflected         |       |     2 |     6 |    21 |     2 ||    31
Block: Other             |       |       |    11 |    24 |    16 ||    51
       Reflection        |       |       |     1 |     4 |     2 ||     7
       Buckler           |       |       |       |       |    46 ||    46

Table legend:
 A = Non-vault XP
 B = Vault XP
 C = Vault XP percentage of total XP
 D = Non-vault monster count
 E = Vault monster count
 F = Vault count percentage of total count
                 A         B        C        D         E       F
            +---------+---------+-------+---------+---------+-------
      Total |   39411 |   30970 |  44.0 |     366 |     153 |  29.5
            +---------+---------+-------+---------+---------+-------
        D:1 |      38 |       0 |   0.0 |      25 |       0 |   0.0
        D:2 |     108 |      12 |  10.0 |      29 |       5 |  14.7
        D:3 |      31 |     140 |  81.9 |      10 |      16 |  61.5
        D:4 |     316 |      94 |  22.9 |      10 |       2 |  16.7
        D:5 |     423 |      40 |   8.6 |      13 |       4 |  23.5
        D:6 |     937 |       0 |   0.0 |      25 |       0 |   0.0
        D:7 |     955 |     469 |  32.9 |      29 |       9 |  23.7
        D:8 |     974 |       0 |   0.0 |      14 |       0 |   0.0
        D:9 |     773 |     642 |  45.4 |      19 |       4 |  17.4
       D:10 |     837 |    4595 |  84.6 |      17 |      18 |  51.4
       D:11 |    8316 |       0 |   0.0 |      61 |       0 |   0.0
       D:12 |      96 |       0 |   0.0 |       2 |       0 |   0.0
     Lair:1 |    3316 |     764 |  18.7 |      15 |       3 |  16.7
     Lair:2 |    2254 |    1259 |  35.8 |      14 |       7 |  33.3
     Lair:3 |    1442 |     828 |  36.5 |       6 |       3 |  33.3
     Lair:4 |    7786 |    2791 |  26.4 |      25 |       8 |  24.2
     Lair:5 |    4196 |    9163 |  68.6 |      20 |      29 |  59.2
     Lair:6 |    6613 |   10173 |  60.6 |      32 |      45 |  58.4
            +---------+---------+-------+---------+---------+-------
